 Dungeon Crawl Stone Soup version 0.30-a0-777-ga9a30cbeda (webtiles) character file.

Game seed: 12950005606134271402

92 cforsyth the Caller (level 4, 0/24 HPs)
             Began as a Tengu Summoner on Feb 13, 2023.
             Succumbed to a scorpion's poison
             ... on level 4 of the Dungeon.
             The game lasted 00:06:39 (3121 turns).

cforsyth the Caller (Tengu Summoner)                Turns: 3121, Time: 00:06:39

Health: 0/24       AC:  2    Str:  8    XL:     4   Next: 60%
Magic:  0/10       EV: 12    Int: 17    God:
Gold:   180        SH:  0    Dex: 15    Spells: 0/9 levels left

rFire   . . .      SeeInvis .    (no weapon)
rCold   . . .      Faith    .    (no shield)
rNeg    . . .      Spirit   .    a - +0 robe
rPois   .          Reflect  .    (helmet restricted)
rElec   .          Harm     .    (no cloak)
rCorr   .          Rampage  .    (no gloves)
Will    .....                    (boots unavailable)
Stlth   ++                       v - amulet of the acrobat
HPRegen 0.24/turn                (no ring)
MPRegen 0.12/turn                (no ring)

@: lethally poisoned (0 -> -10), invisible
A: beak, talons 3
a: no special abilities


You were on level 4 of the Dungeon.
You visited 1 branch of the dungeon, and saw 4 of its levels.

You collected 180 gold pieces.

Inventory:

Missiles
 p - a throwing net
Armour
 a - a +0 robe (worn)
Jewellery
 v - an amulet of the acrobat (around neck)
 w - a ring of wizardry
Wands
 h - a wand of paralysis (8)
Scrolls
 c - a scroll of enchant weapon {unknown}
 e - a scroll of brand weapon {unknown}
 g - a scroll of acquirement {unknown}
 i - 3 scrolls of identify {unknown}
 j - a scroll of poison {unknown}
 k - 2 scrolls of summoning {unknown}
 n - 2 scrolls of teleportation {unknown}
 s - a scroll of magic mapping {unknown}
 u - a scroll of enchant armour {unknown}
Potions
 b - a potion of magic
 f - a potion of mutation {unknown}
 l - a potion of lignification {unknown}
 m - a potion of resistance {unknown}
 o - a potion of attraction {unknown}
 r - a potion of haste {unknown}
 t - a potion of heal wounds {unknown}


   Skills:
 - Level 2.1 Dodging
 - Level 2.0 Stealth
 + Level 3.3 Spellcasting
 + Level 6.0 Summonings


You couldn't memorise any spells.
You knew the following spells:

 Your Spells              Type           Power      Damage    Failure   Level
a - Summon Small Mammal   Summ           92%        N/A       1%          1
b - Call Imp              Summ           23%        N/A       1%          2
c - Call Canine Familiar  Summ           23%        N/A       4%          3
d - Summon Guardian Gole  Hex/Summ       13%        N/A       14%         3

Your spell library contained the following spells:

 Spells                   Type           Power      Damage    Failure   Level
 Summon Lightning Spire   Summ/Air       13%        N/A       43%         4
 Ozocubu's Armour         Ice            2%         N/A       45%         3
 Metabolic Englaciation   Hex/Ice        1%         N/A       99%         5
 Simulacrum               Ice/Necr       1%         N/A       100%        6


Dungeon Overview and Level Annotations

Branches:
Dungeon (4/15)
 Temple: D:4-7

Altars:
Uskayaw


Innate Abilities, Weirdness & Mutations

You have a beak for a mouth.
You have claws for feet.


Message History

The orc priest hits your guardian golem but does no damage.
Okay, then.
You feel better. The scorpion barely misses you.
The orc priest hits your guardian golem but does no damage.
The scorpion completely misses you.
Something bites your guardian golem but does no damage.
Something hits your guardian golem.
Casting: Summon Guardian Golem (quite dangerous; 14% risk of failure)
Confirm with . or Enter, or press ? or * to list all spells.
The spell is quite dangerous to miscast (4% risk of failure)!
Continue anyway?
The scorpion closely misses you. x2
The adder bites your guardian golem but does no damage.
The adder bites your guardian golem but does no damage.
The scorpion misses you.
You swap places.
Your hound closely misses the scorpion.
Something bites your guardian golem but does no damage.
The scorpion misses your hound. The orc priest barely misses you.
Your hound barely misses the scorpion.
Your hound bites the scorpion but does no damage.
The orc priest looks satisfied for a moment.
Something hits your hound.
Casting: Call Canine Familiar (quite dangerous; 4% risk of failure)
Confirm with . or Enter, or press ? or * to list all spells.
The spell is quite dangerous to miscast (14% risk of failure)!
Continue anyway?
A guardian golem appears, shielding your allies.
Your guardian golem disappears in a puff of smoke!
Your hound barely misses the scorpion.
Something closely misses your hound.
Your hound bites the scorpion but does no damage.
Casting: Summon Guardian Golem (quite dangerous; 14% risk of failure)
Confirm with . or Enter, or press ? or * to list all spells.
The scorpion stings you.
Your hound barely misses the scorpion.
The orc priest hits you with a +0 flail.
Something closely misses your hound. The scorpion stings you.
* * * LOW HITPOINT WARNING * * *
You are lethally poisoned!
The scorpion poisons you!
Unknown command.
It was a potion of invisibility.
You fade into invisibility!
You die...

.....>............#
.#...o.##.##...##.#
#....ยง...........#
#....S...#....####
...
#..).....#........
....
#..9o{##.###.#.###
.....#..rh.##.......#
.....###so..#####.###
.....###@...# .#
####........####
................
......."########
..#..........###
......#........#
......#........#
...............#
...............# #


You could see a scorpion (unable to see you, ally target), 2 orc priests, an
adder (unable to see you, ally target), an orc (unable to see you), a friendly
guardian golem (summoned), a friendly hound (summoned, sheltered) and a friendly
rat (summoned, sheltered).

Vanquished Creatures
  An endoplasm (D:2)
  A goblin (D:1)
  2 hobgoblins
  A kobold (D:2)
  A bat (D:1)
6 creatures vanquished.

Vanquished Creatures (collateral kills)
  3 adders (D:3)
  A worm (D:4)
  A dart slug (D:3)
  2 orcs (D:4)
  4 ball pythons
  4 bats
  4 endoplasms
  3 giant cockroaches
  3 goblins
  7 hobgoblins
  2 quokkas
  7 kobolds
  3 rats
44 creatures vanquished.

Grand Total: 50 creatures vanquished

Notes
Turn   | Place    | Note
-------+----------+-------------------------------------------
     0 | D:1      | cforsyth the Tengu Summoner began the quest for the Orb.
     0 | D:1      | Reached XP level 1. HP: 10/10 MP: 4/4
   196 | D:1      | Reached skill level 5 in Summonings
   266 | D:1      | Reached XP level 2. HP: 8/15 MP: 4/6
   273 | D:1      | Learned a level 2 spell: Call Imp
  1039 | D:2      | Reached XP level 3. HP: 19/19 MP: 2/7
  1043 | D:2      | Learned a level 3 spell: Call Canine Familiar
  1826 | D:3      | Found a hide-covered altar of Uskayaw.
  2268 | D:3      | Found a faded altar of an unknown god.
  2445 | D:3      | Reached XP level 4. HP: 24/24 MP: 2/9
  2839 | D:4      | Reached skill level 6 in Summonings
  3083 | D:4      | Learned a level 3 spell: Summon Guardian Golem
  3090 | D:4      | Noticed a scorpion
  3121 | D:4      | Succumbed to a scorpion's poison

Illustrated notes

Levels and vault maps discovered:
D:1:      sevenhm_arrival_forest_fort_large_2, layout_basic,
          minmay_crystal_room, serial_park_tiny_2, minmay_misc_feat_x
D:2:      layout_basic
D:3:      layout_loops_ring, mainiacjoe_overflow_alcove_1,
          shapermc_ecumenical_altar_hornbeckon
D:4:      layout_basic, item_on_display_a

Skill      XL: |  1  2  3  4 |
---------------+-------------+-----
Summonings     | 5 6 |  6.0
Spellcasting   | 3 |  3.3
Dodging        | |  2.1
Stealth        | |  2.0

Action                     |  1- 3 |  4- 6 || total
---------------------------+-------+-------++-------
  Melee: Unarmed           |    21 |     9 ||    30
         Kick              |     8 |       ||     8
         Peck              |     5 |     2 ||     7
   Cast: Summon Small Mamm |    42 |     7 ||    49
         Call Imp          |    12 |     3 ||    15
         Call Canine Famil |     8 |     8 ||    16
         Summon Guardian G |       |     2 ||     2
    Use: Potion            |       |     3 ||     3
   Stab: Distracted        |     1 |       ||     1
 Armour: Robe              |     7 |     4 ||    11
  Dodge: Dodged            |    43 |    16 ||    59

Table legend: (Time is in decaauts)
 A = Elapsed time spent in this place.
 B = Non-inter-level travel time spent in this place.
 C = Inter-level travel time spent in this place.
 D = Time resting spent in this place.
 E = Time spent auto-exploring this place.
 F = Levels seen in this place.
 G = Mean time per level.
                   A        B        C        D        E       F      G
               +--------+--------+--------+--------+--------+-----+--------+
         Total |   3128 |   3080 |     48 |     29 |   2397 |   4 |  782.0 |
       Dungeon |   3128 |   3080 |     48 |     29 |   2397 |   4 |  782.0 |
               +--------+--------+--------+--------+--------+-----+--------+

Top non-repeatable levels by time:
     D:2: 1012 daAuts
     D:3: 991 daAuts
     D:1: 758 daAuts
     D:4: 365 daAuts
